 Dungeon Crawl Stone Soup version 0.29-a0-350-g7790a0e70a (webtiles) character file.

Game seed: 8921293795794934451

143 HendSelp the Insei (level 5, -4/34 HPs)
             Began as an Octopode Transmuter on Apr 22, 2022.
             Slain by a gnoll
             ... wielding a +0 flail
              (15 damage)
             ... on level 3 of the Dungeon.
             The game lasted 00:03:55 (3371 turns).

HendSelp the Insei (Octopode Transmuter)            Turns: 3371, Time: 00:03:56

Health: -4/34      AC:  1    Str: 12    XL:     5   Next: 25%
Magic:  8/9        EV: 14    Int: 15    God:
Gold:   998        SH:  0    Dex: 18    Spells: 6/9 levels left

rFire   . . .      SeeInvis .     - Unarmed
rCold   . . .      Faith    .   (no shield)
rNeg    . . .      Spirit   .   (helmet currently unavailable)
rPois   .          Reflect  .   (no amulet)
rElec   .          Harm     .   f - +6 ring of dexterity
rCorr   .          Rampage  .   (no ring)
Will    .....                   (no ring)
Stlth   +++.......              (no ring)
HPRegen 0.11/turn               (no ring)
MPRegen 0.11/turn               (no ring)
                                (no ring)
                                (no ring)

@: appendages (expiring)
A: tentacle spike 3, almost no armour, amphibious, 8 rings, camouflage 1,
gelatinous body 1, (nimble swimmer 1), tentacles
a: End Transformation


You were on level 3 of the Dungeon.
One of your tentacles had grown a beastly spike.
You visited 1 branch of the dungeon, and saw 3 of its levels.

You collected 998 gold pieces.

Inventory:

Jewellery
 f - a +6 ring of dexterity (left tentacle)
Scrolls
 c - 2 scrolls of identify
Potions
 a - 2 potions of lignification
 b - a potion of curing
 d - 2 potions of heal wounds
 i - 2 potions of flight


   Skills:
 * Level 1.7 Fighting
 * Level 2.6 Dodging
 * Level 4.2 Unarmed Combat
 * Level 2.9 Spellcasting
 * Level 2.6 Transmutations


You had 6 spell levels left.
You knew the following spells:

 Your Spells              Type           Power      Damage    Failure   Level
a - Beastly Appendage     Tmut           20%        N/A       7%          1
b - Wereblood             Tmut           10%        N/A       11%         2

Your spell library contained the following spells:

 Spells                   Type           Power      Damage    Failure   Level
 Spider Form              Tmut/Pois      6%         N/A       34%         3
 Ice Form                 Ice/Tmut       6%         N/A       75%         4


Dungeon Overview and Level Annotations

Branches:
Dungeon (3/15)

Altars:

Shops:
D:1 ?


Innate Abilities, Weirdness & Mutations

One of your tentacles has grown a beastly spike.
You cannot wear most types of armour.
You are amphibious.
You can wear up to eight rings at the same time.
Your skin changes colour to match your surroundings (Stealth+).
Your rubbery body absorbs attacks. (AC +1, EV +1)
((You are camouflaged when in or above water. (Stealth+)))
You have tentacles for arms and can constrict up to eight enemies at once.


Message History

You see here 4 poisoned darts.
You see here a staff of earth.
Done exploring.
Done exploring.
Done exploring.
Unknown command.
Done exploring.
Done exploring.
One of your tentacles grows a vicious spike.
Unknown command.
As you read the scroll of identify, it crumbles to dust.
b - a potion of curing You start resting.
Magic restored.
(D) Dungeon
Where to? (Enter - D:2, ? - help)
Your transformation is almost over.
You see here a staff of earth.
Your tentacle spike disappears.
You see here a +0 short sword.
There is a stone staircase leading down here.
You climb downwards.
The gnoll shouts! x2; The ball python hisses angrily.
Found 9 gold pieces.
Found two escape hatches in the floor.
There is a stone staircase leading up here.
There are monsters nearby!
Unknown command.
One of your tentacles grows a vicious spike.
The gnoll hits you with a +0 spear!
A goblin comes into view. It is wielding a +0 club.
You barely miss the gnoll. You grab the gnoll.
You pierce the gnoll.
You squeeze the gnoll!
The gnoll is severely wounded.
Your transformation is almost over.
You constrict the gnoll. The bat hits you. The gnoll hits you with a +0 spear.
The gnoll hits you with a +0 flail! The bat barely misses you.
Unknown command.
You release your grip on the gnoll.
The bat closely misses you.
The gnoll misses you. x2; The gnoll hits you with a +0 flail!
You die...

#######
##.....##
...#..gg...#..>
......g@b...#
..g.♣..SB.♣.$..
. ........... .
......♣.♣......
...............
###.♣.....♣....
#.. .>. ..... #
....... ...


You could see 3 gnolls, a giant cockroach, a goblin, a bat and a ball python.

Vanquished Creatures
  5 gnolls
  3 adders (D:2)
  A worm (D:2)
  2 dart slugs
  6 ball pythons
  5 endoplasms
  A giant cockroach (D:2)
  6 goblins
  2 hobgoblins (D:2)
  3 jackals (D:2)
  5 quokkas
  5 bats
  2 frilled lizards
  9 kobolds
  5 rats
60 creatures vanquished.

Notes
Turn   | Place    | Note
-------+----------+-------------------------------------------
     0 | D:1      | HendSelp the Octopode Transmuter began the quest for the
                  | Orb.
     0 | D:1      | Reached XP level 1. HP: 13/13 MP: 3/3
   277 | D:1      | Reached XP level 2. HP: 11/18 MP: 3/5
   418 | D:1      | Learned a level 2 spell: Wereblood
   776 | D:1      | Reached XP level 3. HP: 2/23 MP: 4/6
  1457 | D:1      | Found Diumutwy's Magic Scroll Boutique.
  1825 | D:1      | Identified a scroll of acquirement
  1825 | D:1      | Acquired 870 gold pieces
  2219 | D:2      | Reached XP level 4. HP: 23/28 MP: 5/7
  2433 | D:2      | Reached skill level 4 in Unarmed Combat
  2562 | D:2      | Found a faded altar of an unknown god.
  2608 | D:2      | Reached XP level 5. HP: 34/34 MP: 9/9
  3371 | D:3      | Slain by a gnoll

Illustrated notes

Levels and vault maps discovered:
D:1:      tarquinn_simple_flora_water_f, layout_loops_cross, serial_shops, shop,
          serial_park_tiny_1, st_stairs_3
D:2:      layout_loops_ring, nicolae_ecumenical_snake_handling,
          minmay_indecisive_spiral
D:3:      layout_rooms, okawaru_gym_becter, trog_three_pillars_becter,
          gammafunk_ghost_arena, grunt_ministairs_10, minmay_fractal_squares_5

Skill      XL: |  1  2  3  4 |
---------------+-------------+-----
Unarmed Combat | 4 |  4.2
Fighting       | |  1.7
Dodging        | |  2.6
Spellcasting   | |  2.9
Transmutations | |  2.6

Action                   |  1- 3 |  4- 6 || total
-------------------------+-------+-------++-------
Melee: Unarmed           |    69 |    70 ||   139
       Constrict         |    17 |    20 ||    37
       Kick              |    10 |    17 ||    27
       Tentacles         |    10 |    13 ||    23
       Punch             |     3 |     4 ||     7
 Cast: Beastly Appendage |    15 |    13 ||    28
  Use: Scroll            |     6 |     1 ||     7
       Potion            |       |     1 ||     1
 Stab: Sleeping          |     6 |     4 ||    10
Armor: Skin              |     2 |     1 ||     3
Dodge: Dodged            |    33 |    51 ||    84

Table legend: (Time is in decaauts)
 A = Elapsed time spent in this place.
 B = Non-inter-level travel time spent in this place.
 C = Inter-level travel time spent in this place.
 D = Time resting spent in this place.
 E = Time spent auto-exploring this place.
 F = Levels seen in this place.
 G = Mean time per level.
                   A        B        C        D        E       F      G
               +--------+--------+--------+--------+--------+-----+--------+
         Total |   3361 |   3285 |     76 |    572 |   2341 |   3 | 1120.3 |
       Dungeon |   3361 |   3285 |     76 |    572 |   2341 |   3 | 1120.3 |
               +--------+--------+--------+--------+--------+-----+--------+

Top non-repeatable levels by time:
     D:1: 2159 daAuts
     D:2: 1199 daAuts
     D:3: 2 daAuts
